 Dungeon Crawl Stone Soup version 0.30-a0-986-g7f2e898f52 (webtiles) character file.

Game seed: 10847582858359830530

737 sasquatch the Slasher (level 7, 0/50 HPs)
             Began as a Merfolk Gladiator on Apr 1, 2023.
             Was a Priest of Zin.
             Slain by a water moccasin (1 damage)
             ... on level 5 of the Dungeon.
             The game lasted 00:07:26 (4573 turns).

sasquatch the Slasher (Merfolk Gladiator)           Turns: 4573, Time: 00:07:26

Health: 0/50       AC:  5    Str: 15    XL:     7   Next: 74%
Magic:  7/7        EV: 15    Int:  7    God:    Zin [***...]
Gold:   183        SH:  0    Dex: 17    Spells: 6/6 levels left

rFire   . . .      SeeInvis .    a - +0 long sword
rCold   . . .      Faith    .    (no shield)
rNeg    . . .      Spirit   .    b - +0 leather armour
rPois   .          Reflect  .    c - +0 helmet
rElec   .          Rampage  .    v - +0 cloak
rCorr   .                        (no gloves)
Will    .....                    (no boots)
Stlth   +                        (no amulet)
HPRegen 0.28/turn                (no ring)
MPRegen 0.10/turn                (no ring)

@: lethally poisoned (0 -> -5), hasted, very quick
A: (nimble swimmer 2), mertail
a: Renounce Religion, Recite, Vitalisation, Imprison, Donate Gold


You were on level 5 of the Dungeon.
You worshipped Zin.
Zin was most pleased with you.
You visited 2 branches of the dungeon, and saw 6 of its levels.

You collected 203 gold pieces.
You donated 20 gold pieces to Zin.

Inventory:

Hand Weapons
 a - a +0 long sword (weapon)
 y - a +0 dagger of venom
Missiles
 d - 3 throwing nets
 e - a javelin
 k - a curare-tipped dart (quivered)
 l - 11 poisoned darts
Armour
 b - a +0 leather armour (worn)
 c - a +0 helmet (worn)
 v - a +0 cloak (worn)
Magical Staves
 o - a staff of cold
Wands
 A - a wand of paralysis (12)
Scrolls
 g - a scroll of magic mapping {unknown}
 i - 2 scrolls of amnesia
 m - a scroll of fear {unknown}
 n - a scroll of noise {unknown}
 q - 2 scrolls of teleportation {unknown}
 r - a scroll of poison
 u - a scroll of fog {unknown}
Potions
 f - a potion of brilliance
 j - a potion of haste
 p - 2 potions of ambrosia {unknown}
 s - a potion of mutation
 t - a potion of might {unknown}
 w - a potion of heal wounds {unknown}
 x - a potion of magic {unknown}
 z - a potion of attraction {unknown}


   Skills:
 - Level 2.1 Fighting
 * Level 7.9 Long Blades
 + Level 4.4 Throwing
 + Level 6.7 Dodging


You had 6 spell levels left.
You didn't know any spells.
Your spell library contained the following spells:

 Spells                   Type           Power      Damage    Failure   Level
 Freeze                   Ice            0%         1d3       50%         1
 Sublimation of Blood     Necr           0%         N/A       65%         2
 Frozen Ramparts          Ice            0%         1d1       86%         3
 Hailstorm                Conj/Ice       0%         3d3       86%         3
 Petrify                  Tmut/Erth      0%         N/A       99%         4
 Irradiate                Conj/Tmut      0%         3d11      100%        5


Dungeon Overview and Level Annotations

Branches:
Dungeon (5/15)             Temple (1/1) D:5

Altars:
Ashenzari
Dithmenos
Elyvilon
Gozag
Hepliaklqana
Okawaru
Qazlal
Sif Muna
Uskayaw
Wu Jian
Xom
Yredelemnul
Zin
The Shining One

Shops:
D:1 [   D:4 **


Innate Abilities, Weirdness & Mutations

((You are very nimble when in or above water. (Stealth+, EV+, Speed+++)))
Your lower body shifts to a powerful aquatic tail in water.


Message History

The water moccasin closely misses you.
Unknown command.
You miss the water moccasin.
The water moccasin is moderately wounded.
The water moccasin closely misses you.
Unknown command.
You hit the water moccasin.
The water moccasin is heavily wounded.
The water moccasin closely misses you.
Unknown command.
You completely miss the water moccasin.
The water moccasin is heavily wounded.
The water moccasin misses you. The water moccasin closely misses you.
You closely miss the water moccasin.
The water moccasin is heavily wounded.
The water moccasin misses you.
Unknown command.
You hit the water moccasin.
The water moccasin is severely wounded.
The water moccasin barely misses you. The water moccasin bites you.
* * * LOW HITPOINT WARNING * * *
You are lethally poisoned!
The water moccasin poisons you!
Unknown command.
You feel yourself speed up.
* * * LOW HITPOINT WARNING * * *
You feel very sick.
The water moccasin completely misses you.
Unknown command.
You closely miss the water moccasin.
The water moccasin is severely wounded.
* * * LOW HITPOINT WARNING * * *
You feel sick. The water moccasin bites you.
* * * LOW HITPOINT WARNING * * *
Unknown command.
You hit the water moccasin but do no damage.
The water moccasin is severely wounded.
* * * LOW HITPOINT WARNING * * *
You feel sick. The water moccasin bites you.
You die...

## ... . .o.## #
#S.. #..# #..# #..#
.############..# #
........@S....(#
#.####
#############..#
#.....
..........#####.....
########........###)
#............
#..#########. #..#
#. ##.# ## #.#


You could see a water moccasin.

Vanquished Creatures
  2 ogres
  2 centaurs (D:5)
  A scorpion (D:4)
  A hound (D:4)
  An orc priest (D:4)
  A gnoll bouda (D:4)
  An orc wizard (D:5)
  5 adders
  11 gnolls
  3 worms
  2 dart slugs
  10 orcs
  5 bats
  10 endoplasms
  2 giant cockroaches
  4 goblins
  8 hobgoblins
  2 quokkas (D:1)
  8 ball pythons
  3 frilled lizards
  10 kobolds
  9 rats
101 creatures vanquished.

Notes
Turn   | Place    | Note
-------+----------+-------------------------------------------
     0 | D:1      | sasquatch the Merfolk Gladiator began the quest for the
                  | Orb.
     0 | D:1      | Reached XP level 1. HP: 16/16 MP: 1/1
    16 | D:1      | Noticed a minotaur zombie
   107 | D:1      | Found Junucugh's Antique Armour Boutique.
   434 | D:1      | Reached skill level 4 in Long Blades
   434 | D:1      | Reached XP level 2. HP: 22/22 MP: 2/2
  1123 | D:2      | Reached XP level 3. HP: 21/27 MP: 3/3
  1711 | D:2      | Reached XP level 4. HP: 32/33 MP: 4/4
  1806 | D:2      | Found a faded altar of an unknown god.
  1814 | D:2      | Prayed at the altar of an unknown god.
  1814 | D:2      | Became a worshipper of Zin the Law-Giver
  1814 | D:2      | Reached * piety under Zin
  1892 | D:3      | Reached skill level 5 in Long Blades
  2128 | D:3      | Found a hazy altar of Hepliaklqana.
  2207 | D:3      | Reached skill level 5 in Dodging
  2328 | D:3      | Reached XP level 5. HP: 38/38 MP: 5/5
  2470 | D:3      | Reached ** piety under Zin
  2909 | D:4      | Reached skill level 6 in Long Blades
  2909 | D:4      | Reached XP level 6. HP: 44/44 MP: 6/6
  3514 | D:4      | Reached skill level 7 in Long Blades
  3516 | D:4      | Reached XP level 7. HP: 50/50 MP: 7/7
  3824 | D:4      | Found Kiaderr's Specific Store.
  3825 | D:4      | Found Caosm's General Store.
  3883 | D:5      | Entered Level 5 of the Dungeon
  4253 | D:5      | Reached *** piety under Zin
  4317 | D:5      | Found a staircase to the Ecumenical Temple.
  4327 | Temple   | Entered the Ecumenical Temple
  4572 | D:5      | HP: 2/50 [water moccasin (3)]
  4573 | D:5      | Slain by a water moccasin

Illustrated notes

Levels and vault maps discovered:
D:1:      shiori_arrival_whats_in_store_for_you, layout_basic, serial_shops,
          nicolae_shop_crystal
D:2:      layout_loops_cross, dreamdust_ecumenical_altar_sealed_demon,
          st_stairs_11, kennysheep_generic_room_16
D:3:      layout_rooms, mainiacjoe_overflow_alcove_2, serial_corexii_hall,
          corexii_hall_statues_u, chequers_hall_statues_y,
          kennysheep_generic_room_14
D:4:      layout_loops_ring, nicolae_specific_store
D:5:      layout_loops_ring, minmay_temple_entry_hall
Temple:   hellmonk_temple_forest_ring

Skill      XL: |  1  2  3  4  5  6  7 |
---------------+----------------------+-----
Long Blades    | 4 5 6 7 |  7.9
Dodging        | 5 6 |  6.7
Throwing       | 3 4 |  4.4
Fighting       | |  2.1

Action                     |  1- 3 |  4- 6 |  7- 9 || total
---------------------------+-------+-------+-------++-------
  Melee: Long sword        |   114 |   170 |    12 ||   296
         Dagger            |       |       |    71 ||    71
  Throw: Dart              |     1 |    14 |     5 ||    20
    Use: Scroll            |       |       |     6 ||     6
         Potion            |       |       |     2 ||     2
   Stab: Sleeping          |     2 |       |       ||     2
         Distracted        |       |     1 |       ||     1
 Armour: Leather armour    |    25 |    32 |    21 ||    78
  Dodge: Dodged            |    93 |   101 |    67 ||   261

Table legend: (Time is in decaauts)
 A = Elapsed time spent in this place.
 B = Non-inter-level travel time spent in this place.
 C = Inter-level travel time spent in this place.
 D = Time resting spent in this place.
 E = Time spent auto-exploring this place.
 F = Levels seen in this place.
 G = Mean time per level.
                   A        B        C        D        E       F      G
               +--------+--------+--------+--------+--------+-----+--------+
         Total |   4593 |   4395 |    198 |    106 |   3411 |   6 |  765.5 |
       Dungeon |   4456 |   4264 |    192 |    106 |   3291 |   5 |  891.2 |
        Temple |    136 |    130 |      6 |      0 |    120 |   1 |  136.0 |
               +--------+--------+--------+--------+--------+-----+--------+

Top non-repeatable levels by time:
     D:4: 1304 daAuts
     D:2: 959 daAuts
     D:1: 903 daAuts
     D:3: 819 daAuts
     D:5: 469 daAuts
  Temple: 136 daAuts
